 Dungeon Crawl Stone Soup version 0.27-a0-732-ga892ba84f6 (webtiles) character file.

Game seed: 7712559285067940946

47 Lanoc the Magician (level 3, 0/29 HPs)
             Began as a Djinni Warper on Mar 24, 2021.
             Slain by a gnoll
             ... wielding a +0 club
              (3 damage)
             ... on level 2 of the Dungeon.
             The game lasted 00:02:13 (2266 turns).

Lanoc the Magician (Djinni Warper)                  Turns: 2266, Time: 00:02:14

Health: 0/29       AC:  3    Str: 10    XL:     3   Next: 70%
Magic:  0/0        EV: 12    Int: 14    God:
Gold:   27         SH:  0    Dex: 13    Spells: 0/8 levels left

rFire    + + .     SeeInvis .   a - +0 spear
rCold    x . .     Faith    .   (no shield)
rNeg     . . .     Spirit   .   b - +0 leather armour
rPois    ∞         Reflect  .   (no helmet)
rElec    .         Harm     .   (no cloak)
rCorr    .         Rampage  .   (no gloves)
Will     .....                  (boots unavailable)
Stlth    +.........             (no amulet)
HPRegen  0.09/turn              (no ring)
MPRegen  0.00/turn              (no ring)

@: brilliant, attractive, flying
A: fire resistance 2, cold vulnerability 1, float, innate caster, hp casting,
extra vitality 1
a: no special abilities


You were on level 2 of the Dungeon.
You visited 1 branch of the dungeon, and saw 2 of its levels.

You collected 27 gold pieces.

Inventory:

Hand Weapons
 a - a +0 spear (weapon)
Armour
 b - a +0 leather armour (worn)
Scrolls
 c - a scroll of identify
 d - 2 scrolls of blinking
 f - a scroll of teleportation {unknown}
 i - a scroll of random uselessness {unknown}
 j - a scroll of holy word


   Skills:
 + Level 2.7 Fighting
 - Level 1.7 Polearms
 - Level 0.8 Throwing
 - Level 1.0 Armour
 + Level 3.0 Dodging
 + Level 3.1 Spellcasting


You couldn't memorise any spells.
You knew the following spells:

 Your Spells              Type           Power      Damage    Failure   Level
a - Blink                 Tloc           N/A        N/A       12%         2
b - Lesser Beckoning      Tloc           8%         N/A       24%         3
c - Gell's Gravitas       Tloc           8%         N/A       24%         3
d - Teleport Other        Tloc           16%        N/A       24%         3
e - Manifold Assault      Tloc           16%        N/A       61%         4
f - Beastly Appendage     Tmut           32%        N/A       8%          1
Your spell library was empty.

Dungeon Overview and Level Annotations

Branches:
Dungeon (2/15)

Altars:
Kikubaaqudgha


Innate Abilities, Weirdness & Mutations

You are immune to poison.
Your flesh is very heat resistant. (rF++)
You are vulnerable to cold. (rC-)
You float through the air rather than walking.
You learn spells naturally, not from books.
Your magical power is your life essence.
You have superior vitality. (+4 HP)


Message History

A gnoll comes into view. It is wielding a +0 club.
There is an open door here.
There is an open door here.
Throw: 4 boomerangs (disperse)
Press: ? - help, Q - select action, (/) - cycle Shift-Dir - straight line, f - gnoll
Aim: a gnoll, wielding a +0 club (61% to hit)
You throw a boomerang of dispersal.
The boomerang of dispersal barely misses the gnoll.
Throw: 3 boomerangs (disperse)
Press: ? - help, Q - select action, (/) - cycle Shift-Dir - straight line, f/p - gnoll
Aim: a gnoll, wielding a +0 club (61% to hit)
You throw a boomerang of dispersal.
The boomerang of dispersal closely misses the gnoll.
Throw: 2 boomerangs (disperse)
Press: ? - help, Q - select action, (/) - cycle Shift-Dir - straight line, f/p - gnoll
Aim: a gnoll, wielding a +0 club (61% to hit)
You throw a boomerang of dispersal.
The boomerang of dispersal completely misses the gnoll.
The gnoll misses you.
Throw: boomerang (disperse)
Press: ? - help, Q - select action, (/) - cycle Shift-Dir - straight line, f/p - gnoll
Aim: a gnoll, wielding a +0 club (61% to hit)
You throw a boomerang of dispersal.
The boomerang of dispersal hits the gnoll but does no damage.
The gnoll hits you but does no damage.
It was a potion of brilliance.
You feel clever all of a sudden. The gnoll hits you with a +0 club.
* * * LOW HITPOINT WARNING * * *
It was a potion of attraction.
You feel attractive to monsters. The gnoll barely misses you.
The gnoll is pulled toward you!
Blink to where?
Press: ? - help, Dir - move target, f - you, p - gnoll
Okay, then.
As you read the scroll labelled MUGHAMPASSA, it crumbles to dust.
It is a scroll of identify.
j - a scroll of holy word The gnoll hits you with a +0 club.
You die...

##..........# #.#
#..........# #.#
#.########## #.# ##'##
#.## ##...## #..#
##.....## #####.# #
##.......## ##.###.#
####.........####...##.#
...'.........'gg@....#.#
####.........####...##.#
# ##.......## ##.###.#
##.....## ###.#.#
##...## #....# ##'##
##.### #.# #########.#
#.# #.........#
##.###.######..#


You could see 2 gnolls.

Vanquished Creatures
  A gnoll (D:2)
  2 ball pythons (D:2)
  3 bats (D:1)
  2 giant cockroaches
  2 goblins (D:1)
  9 hobgoblins
  2 quokkas (D:1)
  A frilled lizard (D:1)
  7 kobolds
  5 rats
34 creatures vanquished.

Notes
Turn   | Place    | Note
-------+----------+-------------------------------------------
     0 | D:1      | Lanoc the Djinni Warper began the quest for the Orb.
     0 | D:1      | Reached XP level 1. HP: 18/18 MP: 0/0
   224 | D:1      | Reached XP level 2. HP: 23/23 MP: 0/0
   959 | D:1      | Reached XP level 3. HP: 29/29 MP: 0/0
   959 | D:1      | Learned a level 1 spell: Beastly Appendage
  2168 | D:2      | Found an ancient bone altar of Kikubaaqudgha.
  2187 | D:2      | HP: 1/29 [gnoll/+0 flail (10)]
  2266 | D:2      | Slain by a gnoll

Illustrated notes

Levels and vault maps discovered:
D:1:      dpeg_arrival_tiny_a, layout_loops_cross, serial_forest,
          infiniplex_forest_lined_2, infiniplex_forest_zigzag_2,
          infiniplex_forest_clump_small, infiniplex_forest_corner_1
D:2:      layout_loops_corners, lemuel_doored_altar, overflow_temple_1_default,
          st_stairs_5, uniq_robin, uniq_crazy_yiuf_cottage

Skill      XL: |  1  2  3 |
---------------+----------+-----
Spellcasting   | 3 |  3.1
Dodging        | 3 |  3.0
Fighting       | |  2.7
Polearms       | |  1.7
Throwing       | |  0.8
Armour         | |  1.0

Action                   || total
-------------------------++-------
Melee: Spear             ||   163
Throw: Boomerang         ||     5
 Cast: Blink             ||     1
  Use: Potion            ||     2
       Scroll            ||     1
 Stab: Sleeping          ||     1
Armor: Leather armour    ||    27
Dodge: Dodged            ||    99

Table legend: (Time is in decaauts)
 A = Elapsed time spent in this place.
 B = Non-inter-level travel time spent in this place.
 C = Inter-level travel time spent in this place.
 D = Time resting spent in this place.
 E = Time spent auto-exploring this place.
 F = Levels seen in this place.
 G = Mean time per level.
                   A        B        C        D        E       F      G
               +--------+--------+--------+--------+--------+-----+--------+
         Total |   2269 |   2236 |     33 |      0 |   1937 |   2 | 1134.5 |
       Dungeon |   2269 |   2236 |     33 |      0 |   1937 |   2 | 1134.5 |
               +--------+--------+--------+--------+--------+-----+--------+

Top non-repeatable levels by time:
     D:1: 1261 daAuts
     D:2: 1008 daAuts
